 Dungeon Crawl Stone Soup version 0.31-a0-112-gdf0485fa37 (webtiles) character file.

Game seed: 1060878118667859752

182 Zonian the Ducker (level 5, 0/32 HPs)
             Began as a Tengu Gladiator on May 28, 2023.
             Slain by an orc
             ... wielding a +0 war axe
              (9 damage)
             ... on level 4 of the Dungeon.
             The game lasted 00:02:56 (2064 turns).

Zonian the Ducker (Tengu Gladiator)                 Turns: 2064, Time: 00:02:57

Health: 0/32       AC:  3    Str: 16    XL:     5   Next: 61%
Magic:  6/6        EV: 16    Int: 14    God:
Gold:   145        SH:  0    Dex: 16    Spells: 4/4 levels left

rFire   . . .        f - +0 short sword (venom)
rCold   . . .        (no shield)
rNeg    . . .        a - +0 leather armour
rPois   +            b - +0 hat
rElec   .            (no cloak)
rCorr   .            (no gloves)
SInv    .            (boots unavailable)
Will    .....        (no amulet)
Stlth   +            q - ring of poison resistance
HPRegen 0.25/turn    o - +6 ring of intelligence
MPRegen 0.10/turn

%: no passive effects
@: flying quickly and evasively, quick
A: beak, talons 3, nimble flight
a: no special abilities


You were on level 4 of the Dungeon.
You visited 1 branch of the dungeon, and saw 4 of its levels.

You collected 145 gold pieces.

Inventory:

Hand Weapons
 f - a +0 short sword of venom (weapon)
Missiles
 c - 3 throwing nets (quivered)
 d - a javelin
Armour
 a - a +0 leather armour (worn)
 b - a +0 hat (worn)
 i - a scarf of harm
Jewellery
 o - a +6 ring of intelligence (right hand)
 q - a ring of poison resistance (left hand)
Wands
 s - a wand of polymorph (12)
Scrolls
 h - a scroll of immolation {unknown}
 k - a scroll of poison {unknown}
 n - a scroll of noise {unknown}
 t - a scroll of blinking {unknown}
 u - a scroll of fog {unknown}
Potions
 e - 2 potions of invisibility
 g - 2 potions of degeneration
 j - a potion of might {unknown}
 l - 2 potions of berserk rage
 m - a potion of mutation {unknown}
 r - 2 potions of haste {unknown}


   Skills:
 + Level 3.3 Fighting
 - Level 3.0 Throwing
 + Level 4.4 Dodging
 + Level 4.4 Unarmed Combat


You had 4 spell levels left.
You didn't know any spells.
Your spell library contained the following spells:

 Spells                   Type           Power      Damage    Failure   Level
 Summon Guardian Golem    Hex/Summ       0%         N/A       71%         3
 Orb of Destruction       Conj           0%         9d5       100%        7
 Spellforged Servitor     Conj/Summ      0%         N/A       100%        7


Dungeon Overview and Level Annotations

Branches:
Dungeon (4/15)
 Temple: D:4-7

Altars:
Zin

Annotations:
D:3 2 transporters, deremet's ghost, weakling DrCj


Innate Abilities, Weirdness & Mutations

You have a beak for a mouth.
You have claws for feet.
Your magical nature lets you fly swiftly and evasively.


Message History

Found a robe.
There is an open door here.
Unknown command.
There is a stone staircase leading down here.
A goblin comes into view. It is wielding a +0 club.
A goblin is nearby!
Unknown command.
The goblin shouts!
The goblin hits you with a +0 club.
You hit the goblin.
The goblin is poisoned.
You peck the goblin.
You kill the goblin!
No target in view!
No target in view!
Unknown command.
You reach down and open the door.
An orc priest and 3 orcs come into view.
The orc priest shouts!
Found 6 poisoned darts.
There are monsters nearby!
Unknown command.
An orc comes into view. It is wielding a +0 dagger.
The orc shouts! x3
There is an open door here.
The orc barely misses you.
You hit the orc.
The orc is poisoned.
The orc is moderately wounded.
The orc closely misses you. The orc hits you with a +0 whip.
You hit the orc.
The orc looks as sick as possible!
You claw the orc.
You kill the orc!
Unknown command.
The orc priest calls down the wrath of Beogh upon you.
Beogh smites you!
Ouch! That really hurt!
The orc barely misses you.
You see here a +0 whip.
You hit the orc priest but do no damage.
The orc hits you with a +0 dagger.
* * * LOW HITPOINT WARNING * * *
The orc priest barely misses you. The orc hits you with a +0 war axe!
You die...

#.....# #.....#
#.....########
##.<.........#
#...........#
#...........#
#...........######
#####....#####..(....#
#..#.....#...#.@o....#
#..#.....#...'ooo....#
#..'.....#...#.......#
#####.....###.#.......#
#....########.#######...
#....#..........+ .#
#....#..........# #
#....#..........#
#....#.......)..#


You could see an orc priest and 3 orcs.

Vanquished Creatures
  2 hounds (D:3)
  A jelly (D:4)
  3 adders
  2 worms
  4 dart slugs
  An orc (D:4)
  2 ball pythons
  8 bats
  4 endoplasms
  A giant cockroach (D:1)
  9 goblins
  4 hobgoblins
  5 kobolds
  A quokka (D:3)
  A frilled lizard (D:3)
  5 rats
53 creatures vanquished.

Notes
Turn   | Place    | Note
-------+----------+-------------------------------------------
     0 | D:1      | Zonian the Tengu Gladiator began the quest for the Orb.
     0 | D:1      | Reached XP level 1. HP: 12/12 MP: 2/2
   153 | D:1      | Reached XP level 2. HP: 16/17 MP: 3/3
   548 | D:1      | Reached XP level 3. HP: 20/22 MP: 4/4
  1230 | D:2      | Reached XP level 4. HP: 25/27 MP: 5/5
  1366 | D:3      | Found a glowing silver altar of Zin.
  1545 | D:3      | Gained mutation: Your magical nature lets you fly swiftly
                  | and evasively. [Tengu growth]
  1545 | D:3      | Reached XP level 5. HP: 32/32 MP: 6/6
  1579 | D:3      | Found a transporter.
  1584 | D:3      | Noticed deremet's ghost (weakling DrCj)
  1594 | D:3      | Found a transporter.
  2064 | D:4      | Slain by an orc

Illustrated notes

Levels and vault maps discovered:
D:1:      saegor_arrival_simple_b, layout_loops_corners, minmay_vboxes
D:2:      layout_basic, corner_web_ring, kennysheep_big_empty_room
D:3:      layout_loops_cross, mainiacjoe_overflow_boulevard,
          gammafunk_ghost_arena
D:4:      layout_gridville, lemuel_round_altar, minivault_1

Skill      XL: |  1  2  3  4 |
---------------+-------------+-----
Dodging        | 4 |  4.4
Unarmed Combat | 4 |  4.4
Throwing       | 3 |  3.0
Fighting       | 3 |  3.3

Action                     |  1- 3 |  4- 6 || total
---------------------------+-------+-------++-------
  Melee: Unarmed           |    73 |    50 ||   123
         Kick              |    21 |    11 ||    32
         Peck              |    10 |    10 ||    20
         Punch             |     2 |       ||     2
         Short sword       |       |     5 ||     5
    Use: Scroll            |       |     4 ||     4
   Stab: Sleeping          |     2 |     4 ||     6
         Distracted        |     1 |       ||     1
 Armour: Leather armour    |    14 |     8 ||    22
  Dodge: Dodged            |    42 |    41 ||    83

Table legend: (Time is in decaauts)
 A = Elapsed time spent in this place.
 B = Non-inter-level travel time spent in this place.
 C = Inter-level travel time spent in this place.
 D = Time resting spent in this place.
 E = Time spent auto-exploring this place.
 F = Levels seen in this place.
 G = Mean time per level.
                   A        B        C        D        E       F      G
               +--------+--------+--------+--------+--------+-----+--------+
         Total |   2012 |   1944 |     68 |      0 |   1551 |   4 |  503.0 |
       Dungeon |   2012 |   1944 |     68 |      0 |   1551 |   4 |  503.0 |
               +--------+--------+--------+--------+--------+-----+--------+

Top non-repeatable levels by time:
     D:1: 835 daAuts
     D:3: 624 daAuts
     D:2: 454 daAuts
     D:4: 98 daAuts
